 Dungeon Crawl Stone Soup version 0.29-a0-364-g921d912d32 (webtiles) character file.

Game seed: 16756823348650364107

2854 Artihs the Cudgeller (level 10, 0/73 HPs)
             Began as a Human Fighter on Apr 30, 2022.
             Was an Initiate of Wu Jian.
             Slain by a polar bear (2 damage)
             ... on level 8 of the Dungeon.
             The game lasted 01:10:07 (9527 turns).

Artihs the Cudgeller (Human Fighter)                Turns: 9527, Time: 01:10:08

Health: 0/73       AC: 10    Str: 21    XL:     10   Next: 4%
Magic:  10/10      EV: 14    Int:  8    God:    Wu Jian [......]
Gold:   139        SH: 16    Dex: 13    Spells: 9/9 levels left

rFire   . . .      SeeInvis .   t - +0 mace
rCold   . . .      Faith    .   k - +2 kite shield
rNeg    . . .      Spirit   .   b - +0 scale mail
rPois   .          Reflect  +   (no helmet)
rElec   .          Harm     .   (no cloak)
rCorr   +          Rampage  .   D - +0 pair of gloves
Will    .....                   h - +0 pair of boots
Stlth   ..........              N - amulet of reflection
HPRegen 0.22/turn               r - +4 ring of evasion
MPRegen 0.12/turn               u - ring of resist corrosion

@: no status effects
A: no striking features
a: Renounce Religion


You were on level 8 of the Dungeon.
You worshipped Wu Jian.
Wu Jian was noncommittal.
You visited 2 branches of the dungeon, and saw 9 of its levels.

You collected 297 gold pieces.
You spent 158 gold pieces at shops.

Inventory:

Hand Weapons
 a - a +0 long sword
 s - a +2 dagger of draining
 t - a +0 mace (weapon)
 F - a +0 hand crossbow
Missiles
 i - 169 stones (quivered)
 C - 2 javelins
Armour
 b - a +0 scale mail (worn)
 c - a +0 buckler
 f - the +18 shield of the Gong {rElec rN+ Will+ EV-5}
   (You found it on level 7 of the Dungeon)

   It is deafeningly noisy when blocking attacks.
   EV:        It affects your evasion (-5).
   rElec:     It insulates you from electricity.
   rN:        It protects you from negative energy.
   Will:      It increases your willpower.
 h - a +0 pair of boots (worn)
 k - a +2 kite shield (worn)
 z - a +2 robe of cold resistance
 D - a +0 pair of gloves (worn)
 L - +0 gold dragon scales
Jewellery
 d - a ring of ice
 e - a ring of wizardry
 r - a +4 ring of evasion (left hand)
 u - a ring of resist corrosion (right hand)
 x - an amulet of magic regeneration
 H - an amulet of regeneration
 N - an amulet of reflection (around neck)
Scrolls
 g - a scroll of teleportation
 l - a scroll of torment
 o - 2 scrolls of blinking
 p - a scroll of holy word
 q - 2 scrolls of vulnerability
 w - a scroll of immolation {unknown}
 y - a scroll of brand weapon {unknown}
Potions
 j - a potion of curing
 m - a potion of mutation {unknown}
 n - 5 potions of attraction
 v - 2 potions of degeneration {unknown}
 B - a potion of haste {unknown}
 I - 2 potions of heal wounds {unknown}
 J - 2 potions of lignification
 O - a potion of invisibility {unknown}


   Skills:
 * Level 4.7 Fighting
 - Level 5.1 Long Blades
 * Level 5.9 Maces & Flails
 + Level 3.5 Throwing
 + Level 5.9 Armour
 + Level 5.3 Dodging
 + Level 5.9 Shields


You had 9 spell levels left.
You didn't know any spells.
Your spell library contained the following spells:

 Spells                   Type           Power      Damage    Failure   Level
 Blink                    Tloc           0%         N/A       99%         2
 Lesser Beckoning         Tloc           0%         N/A       100%        3
 Fireball                 Conj/Fire      0%         3d3       100%        5
 Iskenderun's Battlesphe  Conj           0%         2d6       100%        5
 Manifold Assault         Tloc           0%         N/A       100%        5
 Conjure Ball Lightning   Conj/Air       0%         3x3d6     100%        6
 Orb of Destruction       Conj           0%         9d5       100%        7


Dungeon Overview and Level Annotations

Branches:
Dungeon (8/15)             Temple (1/1) D:6
   Lair: D:8-11

Altars:
Ashenzari
Cheibriados
Dithmenos
Elyvilon
Fedhas
Gozag
Hepliaklqana
Kikubaaqudgha
Makhleb
Nemelex Xobeh
Qazlal
Ru
Sif Muna
Trog
Uskayaw
Vehumet
Wu Jian
Xom
Yredelemnul
Zin

Shops:
D:4 [[[?(   D:5 *

Annotations:
D:5 2 transporters, 3 runed translucent doors, zorge82's ghost, novice DEHu


Message History

The polar bear misses you.
The polar bear claws you but does no damage.
You block the polar bear's attack.
You hit the polar bear.
The polar bear is heavily wounded.
The polar bear bites you. You block the polar bear's attack.
The polar bear claws you.
You hit the polar bear.
The polar bear is heavily wounded.
You block the polar bear's attack. x2; The polar bear claws you.
You hit the polar bear.
The polar bear is severely wounded.
The polar bear goes berserk!
The polar bear closely misses you. The polar bear misses you.
You block the polar bear's attack.
You completely miss the polar bear.
The polar bear is severely wounded.
You block the polar bear's attack.
The polar bear claws you but does no damage.
You block the polar bear's attack.
You closely miss the polar bear.
The polar bear is severely wounded.
The polar bear looks more healthy.
You block the polar bear's attack. x2
The polar bear claws you but does no damage.
The polar bear bites you!!
* * * LOW HITPOINT WARNING * * *
The polar bear claws you.
* * * LOW HITPOINT WARNING * * *
The polar bear claws you.
* * * LOW HITPOINT WARNING * * *
You hit the polar bear but do no damage.
The polar bear is severely wounded.
You block the polar bear's attack. The polar bear misses you.
The polar bear claws you but does no damage.
You block the polar bear's attack. The polar bear claws you.
* * * LOW HITPOINT WARNING * * *
The polar bear barely misses you.
You hit the polar bear but do no damage.
The polar bear is severely wounded.
The polar bear bites you.
You die...

≈.... ≈....
#...# .
#.#.#+###..
#.#.......#
#.#.......#
#.#..?....#
#@hY.....(#
#.#.......#
#...#+....(
#.#.. ....
#.#.## #..
#.### . #.#
#.#


You could see a polar bear (berserk) and a yak.

Vanquished Creatures
  2 vault sentinels (D:7)
  Prince Ribbit (D:5)
  Sigmund (D:4)
  3 water moccasins
  Duvessa (D:4)
  An ice beast (D:7)
  An ogre (D:5)
  A phantom (D:4)
  2 bullfrogs
  2 scorpions
  3 necrophages
  Dowan (D:4)
  3 killer bees (D:7)
  3 hounds
  A jelly (D:6)
  Terence (D:2)
  Jessica (D:2)
  4 iguanas
  2 orc wizards (D:7)
  12 adders
  2 river rats (D:6)
  4 white imps
  An ufetubus (D:4)
  4 worms
  2 dart slugs
  12 orcs
  6 endoplasms
  2 giant cockroaches
  10 goblins
  5 hobgoblins
  5 quokkas
  10 ball pythons
  7 bats
  5 frilled lizards
  8 kobolds
  10 rats
139 creatures vanquished.

Vanquished Creatures (collateral kills)
  A scorpion (D:7)
1 creature vanquished.

Grand Total: 140 creatures vanquished

Notes
Turn   | Place    | Note
-------+----------+-------------------------------------------
     0 | D:1      | Artihs the Human Fighter began the quest for the Orb.
     0 | D:1      | Reached XP level 1. HP: 18/18 MP: 1/1
     2 | D:1      | Found a faded altar of an unknown god.
   341 | D:1      | Reached XP level 2. HP: 15/24 MP: 2/2
  1270 | D:2      | Reached XP level 3. HP: 12/29 MP: 3/3
  1570 | D:2      | Reached XP level 4. HP: 35/35 MP: 4/4
  1713 | D:2      | Noticed Terence
  1730 | D:2      | Killed Terence
  2037 | D:2      | Noticed Jessica
  2055 | D:2      | Killed Jessica
  2056 | D:2      | Reached XP level 5. HP: 38/42 MP: 5/5
  3259 | D:3      | Reached XP level 6. HP: 46/46 MP: 6/6
  3514 | D:4      | Found Alityobo's Magic Scroll Boutique.
  3523 | D:4      | Bought a scroll of identify for 28 gold pieces
  3680 | D:4      | Reached skill level 1 in Maces & Flails
  3680 | D:4      | Reached skill level 1 in Dodging
  3891 | D:4      | Reached XP level 7. HP: 38/53 MP: 7/7
  4328 | D:4      | Found Ziekoth's Armour Boutique.
  4350 | D:4      | Noticed Dowan
  4352 | D:4      | Noticed Duvessa
  4372 | D:4      | Killed Duvessa
  4383 | D:4      | Killed Dowan
  4933 | D:4      | Found Teur's Antique Armour Shoppe.
  4941 | D:4      | Bought a pair of gloves for 130 gold pieces
  4999 | D:4      | Found Maurch's Armour Emporium.
  4999 | D:4      | Noticed Sigmund
  5007 | D:4      | Killed Sigmund
  5008 | D:4      | Reached XP level 8. HP: 59/60 MP: 8/8
  5059 | D:4      | Found Cunielof's Weapon Shop.
  5205 | D:5      | Entered Level 5 of the Dungeon
  5205 | D:5      | Found a transporter.
  5239 | D:5      | Noticed Prince Ribbit
  5261 | D:5      | Killed Prince Ribbit
  5356 | D:5      | Reached skill level 5 in Armour
  5367 | D:5      | Reached skill level 5 in Shields
  5550 | D:5      | Found Ruvacutz's General Store.
  5818 | D:5      | Found a transporter.
  5822 | D:5      | Noticed a fire bat
  5855 | D:5      | Found an ancient bone altar of Kikubaaqudgha.
  6118 | D:5      | Found a runed translucent gate.
  6118 | D:5      | Found a runed translucent gate.
  6119 | D:5      | Found a runed translucent gate.
  6120 | D:5      | Noticed zorge82's ghost (novice DEHu)
  6318 | D:6      | Reached XP level 9. HP: 59/65 MP: 9/9
  6385 | D:6      | Found a staircase to the Ecumenical Temple.
  6397 | Temple   | Entered the Ecumenical Temple
  6703 | D:6      | Reached skill level 1 in Throwing
  7599 | D:7      | Reached skill level 5 in Maces & Flails
  7633 | D:7      | Reached skill level 5 in Long Blades
  8092 | D:7      | Reached skill level 5 in Dodging
  8370 | D:7      | Noticed a vault sentinel
  8370 | D:7      | Noticed a vault sentinel
  8414 | D:7      | Killed a vault sentinel
  8438 | D:7      | Killed a vault sentinel
  8439 | D:7      | Reached XP level 10. HP: 10/73 MP: 10/10
  8752 | D:7      | Found the +18 shield of the Gong {rElec rN+ Will+ EV-5}
  8841 | D:7      | Found an ornate altar of the Wu Jian Council.
  8843 | D:7      | Found a shadowy altar of Dithmenos.
  8843 | D:7      | Found a blossoming altar of Fedhas.
  8843 | D:7      | Found a sacrificial altar of Ru.
  8844 | D:7      | Found a shimmering altar of Xom.
  8845 | D:7      | Found a white marble altar of Elyvilon.
  8846 | D:7      | Found a hazy altar of Hepliaklqana.
  8860 | D:7      | Became a worshipper of the Wu Jian Council
  9526 | D:8      | HP: 2/73 [polar bear (5)]
  9527 | D:8      | Slain by a polar bear

Illustrated notes

Levels and vault maps discovered:
D:1:      minmay_arrival_open_corners, layout_basic,
          ebering_ecumenical_altar_rust
D:2:      layout_rooms, minmay_pentomino_z2, uniq_terence, uniq_jessica
D:3:      layout_basic
D:4:      layout_basic, serial_shops, kennysheep_little_box,
          nicolae_shop_behind_doors, shop, nicolae_shop_window_shopping,
          nicolae_shop_waterfront, kennysheep_small_circle, uniq_sigmund,
          uniq_duvessa
D:5:      gammafunk_cloud_chamber, layout_loops_ring, overflow_temple_1_default,
          gammafunk_ghost_necromancy, serial_shops, nicolae_diamond_shop,
          uniq_prince_ribbit1
D:6:      layout_basic, minmay_temple_entry_glassed_door,
          lightli_sewer_entry_pipes
D:7:      layout_basic, minitemple, hellmonk_guarded_unrand_gong
D:8:      layout_basic, okawaru_gym_becter, serial_ice, serial_ice_f,
          serial_ice_j, serial_ice_c, serial_ice_m, grunt_ministairs_1
Temple:   nicolae_temple_hex_pool

Skill      XL: |  1  2  3  4  5  6  7  8  9 |
---------------+----------------------------+-----
Long Blades    | 3 4 5 |  5.1
Shields        | 4 5 |  5.9
Armour         | 4 5 |  5.9
Maces & Flails | 1 3 4 5 |  5.9
Dodging        | 1 3 4 5 |  5.3
Throwing       | 3 |  3.5
Fighting       | 4 |  4.7

Action                   |  1- 3 |  4- 6 |  7- 9 | 10-12 || total
-------------------------+-------+-------+-------+-------++-------
Melee: Long sword        |    76 |   114 |       |       ||   190
       Mace              |       |   124 |   385 |    17 ||   526
Throw: Stone             |    12 |   112 |    49 |       ||   173
       Boomerang         |       |     2 |       |       ||     2
       Dart              |       |       |    62 |     1 ||    63
       Javelin           |       |       |     5 |     3 ||     8
Evoke: Wand              |       |       |    34 |       ||    34
  Use: Potion            |       |     1 |     7 |       ||     8
       Scroll            |       |     4 |     8 |       ||    12
Armor: Scale mail        |    44 |   117 |    84 |     9 ||   254
Dodge: Dodged            |    31 |   104 |   181 |    17 ||   333
Block: Buckler           |    13 |     5 |       |       ||    18
       Kite shield       |       |   156 |   282 |    29 ||   467
       Reflection        |       |       |     1 |       ||     1

Table legend: (Time is in decaauts)
 A = Elapsed time spent in this place.
 B = Non-inter-level travel time spent in this place.
 C = Inter-level travel time spent in this place.
 D = Time resting spent in this place.
 E = Time spent auto-exploring this place.
 F = Levels seen in this place.
 G = Mean time per level.
                   A        B        C        D        E       F      G
               +--------+--------+--------+--------+--------+-----+--------+
         Total |   9884 |   8013 |   1871 |   1822 |   4303 |   9 | 1098.2 |
       Dungeon |   9687 |   7941 |   1746 |   1822 |   4242 |   8 | 1210.9 |
        Temple |    197 |     72 |    125 |      0 |     61 |   1 |  197.0 |
               +--------+--------+--------+--------+--------+-----+--------+

Top non-repeatable levels by time:
     D:7: 2062 daAuts
     D:4: 1777 daAuts
     D:2: 1433 daAuts
     D:1: 1272 daAuts
     D:6: 1190 daAuts
     D:5: 1002 daAuts
     D:3: 920 daAuts
  Temple: 197 daAuts
     D:8: 28 daAuts
